 Dungeon Crawl Stone Soup version 0.31-a0-940-gdaa99269f9 (webtiles) character file.

Game seed: 12107180868212842847

95 Azuregosa the Covert (level 4, -3/46 HPs)
             Began as an Octopode Delver on Oct 20, 2023.
             Succumbed to a scorpion's poison
             ... on level 2 of the Dungeon.
             The game lasted 00:08:40 (1620 turns).

Azuregosa the Covert (Octopode Delver)              Turns: 1620, Time: 00:08:41

Health: -3/46      AC: 22    Str: 11    XL:     4   Next: 65%
Magic:  4/4        EV:  2    Int: 12    God:
Gold:   131        SH:  0    Dex: 18    Spells: 3/3 levels left

rFire   + . .        m - staff "Daliyrph" {rF+ Dex+3 Fire}
rCold   . . .        (no shield)
rNeg    . . .        (helmet currently unavailable)
rPois   +            (no amulet)
rElec   .            (no ring)
rCorr   .            (no ring)
SInv    .            (no ring)
Will    .....        (no ring)
Stlth   ++++         (no ring)
HPRegen 0.27/turn    (no ring)
MPRegen 0.09/turn    (no ring)
                     (no ring)

%: no passive effects
@: mighty, lethally poisoned (-3 -> -35), tree-form
A: stationary, stasis, torment immunity, boosted hp, almost no armour,
(amphibious), 8 rings, (camouflage 1), (gelatinous body 1), (nimble swimmer 1),
(tentacles)
a: no special abilities


You were on level 2 of the Dungeon.
You were a tree.
You visited 1 branch of the dungeon, and saw 5 of its levels.

You collected 131 gold pieces.

Inventory:

Hand Weapons
 a - a +0 spear
 l - a +1 whip of distortion
 u - a +2 dagger of protection
Missiles
 c - 40 stones
 i - a throwing net
 t - 6 poisoned darts
Armour
 s - an orb of energy
Magical Staves
 m - the staff "Daliyrph" (weapon) {rF+ Dex+3 Fire}
   (You found it on level 3 of the Dungeon)

   [staff of fire]

   Base accuracy: +5 Base damage: 5 Base attack delay: 1.2 This weapon's minimum
   attack delay (0.6) is reached at skill level 12.
   Dex+3:     It affects your dexterity (+3).
   rF+:       It protects you from fire.
   Fire:      It increases the power of your Fire spells.
   It falls into the 'Staves' category.
   It is a one-tentacled weapon.
Wands
 f - a wand of digging (3)
Scrolls
 b - a scroll of fog
 d - a scroll of fear
 h - a scroll of vulnerability {unknown}
 j - a scroll of enchant weapon {unknown}
 k - 2 scrolls of teleportation {unknown}
 n - 2 scrolls of amnesia {unknown}
 r - a scroll of silence {unknown}
Potions
 e - 2 potions of haste
 g - 2 potions of might
 o - a potion of experience {unknown}
 p - a potion of curing {unknown}
 q - a potion of lignification


   Skills:
 - Level 3.0 Fighting
 - Level 2.0 Polearms
 - Level 2.0 Dodging
 - Level 8.0 Stealth
 + Level 2.7 Fire Magic


You had 3 spell levels left.
You didn't know any spells.
Your spell library contained the following spells:

 Spells                   Type           Power      Damage    Failure   Level
 Shock                    Conj/Air       0%         1d3       32%         1
 Swiftness                Air            0%         N/A       69%         3
 Airstrike                Air            0%         2d(0-16)  97%         4


Dungeon Overview and Level Annotations

Branches:
Dungeon (5/15)
 Temple: D:4-7

Altars:
Zin


Innate Abilities, Weirdness & Mutations

You are a tree.
Your roots penetrate the ground, keeping you stationary.
You cannot be teleported.
You are immune to unholy pain and torment.
Your maximum health is greatly increased.
You cannot wear most types of armour.
((You are amphibious.))
You can wear up to eight rings at the same time.
((Your skin changes colour to match your surroundings (Stealth+).))
((Your rubbery body absorbs attacks. (AC +1, EV +1)))
((You are camouflaged when in or above water. (Stealth+)))
((You have tentacles for arms and can constrict up to eight enemies at once.))


Message History

k - 2 scrolls labelled TOETACITWO (gained 1)
A scorpion comes into view.
The helpless scorpion fails to defend itself.
You hit the scorpion. Your grab misses the scorpion.
The scorpion is lightly wounded.
The scorpion barely misses you.
You hit the scorpion but do no damage. You grab the scorpion.
You squeeze the scorpion, but do no damage.
The scorpion is lightly wounded.
You constrict the scorpion, but do no damage.
The scorpion stings you.
You are poisoned.
The scorpion poisons you!
You hit the scorpion but do no damage. You burn the scorpion.
The scorpion is moderately wounded.
You constrict the scorpion.
You feel very sick. The scorpion stings you. x2
You are lethally poisoned!
The scorpion poisons you!
You hit the scorpion.
The scorpion is heavily wounded.
You constrict the scorpion, but do no damage.
You feel very sick. The scorpion stings you.
* * * LOW HITPOINT WARNING * * *
You are more poisoned.
The scorpion poisons you!
It was a potion of might.
You feel very mighty all of a sudden.
You constrict the scorpion.
* * * LOW HITPOINT WARNING * * *
You feel very sick. The scorpion stings you.
* * * LOW HITPOINT WARNING * * *
You are more poisoned.
The scorpion poisons you!
It was a potion of lignification.
You turn into a tree.
Your roots penetrate the ground.
You lose your grip on the scorpion.
You die...

.......# ######)#
######
####.#####....#
#.......##.#.##
#.##.##.##.#.# #
....#.##.#.#
###..#....#.######.#
#..######.#.s....#
...# #.#♣# .#..
#.#.# . .. #.#.#
#.#.## #.#..# #.##.#
#.##.# #.##.# #....#


You could see a scorpion.

Vanquished Creatures
  An adder (D:3)
  An ufetubus (D:3)
  A worm (D:1)
  3 dart slugs
  2 orcs (D:3)
  11 endoplasms
  3 giant cockroaches
  3 goblins
  3 hobgoblins
  8 jackals
  7 ball pythons
  4 bats
  A frilled lizard (D:2)
  12 kobolds
  3 rats
63 creatures vanquished.

Notes
Turn   | Place    | Note
-------+----------+-------------------------------------------
     0 | D:5      | Azuregosa the Octopode Delver began the quest for the Orb.
     0 | D:5      | Reached XP level 1. HP: 16/16 MP: 1/1
    25 | D:4      | Noticed a jelly
    25 | D:4      | Noticed an orc wizard
    25 | D:4      | Noticed an orc wizard
   164 | D:3      | Reached skill level 7 in Stealth
   174 | D:3      | Reached XP level 2. HP: 18/21 MP: 2/2
   296 | D:3      | Reached XP level 3. HP: 4/26 MP: 3/3
   296 | D:3      | HP: 1/26 [hobgoblin (2)]
   304 | D:3      | Reached skill level 8 in Stealth
   408 | D:3      | Identified the staff "Daliyrph" {rF+ Dex+3 Fire}
   516 | D:2      | Found a glowing silver altar of Zin.
   572 | D:2      | Reached skill level 1 in Fire Magic
   833 | D:2      | Reached XP level 4. HP: 31/31 MP: 4/4
  1610 | D:2      | Noticed a scorpion
  1620 | D:2      | Succumbed to a scorpion's poison

Illustrated notes

Levels and vault maps discovered:
D:1:      dpeg_arrival_brainrot, layout_rooms, chequers_serial_rivers_micro_b,
          minmay_bisected
D:2:      layout_basic, basic_altar, minmay_pentomino_z4
D:3:      minmay_octagon_keep, layout_basic, lightli_temple_of_fire,
          ebering_ecumenical_altar_rust, eino_tiny_chamber, minmay_crystal_room,
          kennysheep_generic_room_9
D:4:      layout_cave_pools, nicolae_shop_dragon_depot
D:5:      layout_basic, kennysheep_slug_shrine, trog_book, uniq_pikel

Skill      XL: |  1  2  3  4 |
---------------+-------------+-----
Stealth        | 7 8 |  8.0
Fire Magic     | 1 2 |  2.7
Fighting       | |  3.0
Polearms       | |  2.0
Dodging        | |  2.0

Action                     |  1- 3 |  4- 6 || total
---------------------------+-------+-------++-------
  Melee: Spear             |    35 |       ||    35
         Tentacles         |    17 |    16 ||    33
         Constrict         |    21 |    14 ||    35
         Staff             |    45 |    53 ||    98
         Punch             |     2 |     1 ||     3
    Use: Scroll            |     1 |       ||     1
         Potion            |       |     2 ||     2
   Stab: Sleeping          |     9 |    11 ||    20
 Armour: Skin              |    35 |    22 ||    57
  Dodge: Dodged            |    61 |    21 ||    82

Table legend: (Time is in decaauts)
 A = Elapsed time spent in this place.
 B = Non-inter-level travel time spent in this place.
 C = Inter-level travel time spent in this place.
 D = Time resting spent in this place.
 E = Time spent auto-exploring this place.
 F = Levels seen in this place.
 G = Mean time per level.
                   A        B        C        D        E       F      G
               +--------+--------+--------+--------+--------+-----+--------+
         Total |   1633 |   1621 |     12 |    269 |    598 |   5 |  326.6 |
       Dungeon |   1633 |   1621 |     12 |    269 |    598 |   5 |  326.6 |
               +--------+--------+--------+--------+--------+-----+--------+

Top non-repeatable levels by time:
     D:1: 567 daAuts
     D:2: 510 daAuts
     D:3: 433 daAuts
     D:4: 76 daAuts
     D:5: 46 daAuts
